Map: [TLMC15] Berlingrad

Players

Serral - Winner!

  • Race: Zerg Zerg

DRG

  • Race: Zerg Zerg

Event: StayAtHome Story Cup #4

VOD

Have the link to the VOD?

Description

Time

  • Played on: Oct. 23, 2021, 11:28 a.m.
  • Length: 16:13

All games in this series

Show
View Real Time Build Order
Export as new Build Order

Serral Zerg - Winner!

Build Orders: Hatch First 

Get SALT Encoding   

  12  0:00  Drone  
  13  0:12  Overlord  
  13  0:17  Drone  
  14  0:30  Drone x2  
  16  0:49  Hatchery  
  15  0:51  Drone  
  15  0:55  Drone  
  17  0:59  Drone  
  18  1:09  Extractor  
  17  1:13  Spawning Pool  
  17  1:16  Drone  
  17  1:19  Drone  
  18  1:27  Drone  
  19  1:38  Drone  
  20  1:49  Drone  
  21  2:00  Queen x2  
  21  2:01  Overlord, Zergling x2  
  26  2:11  Drone x2  
  26  2:12  Metabolic Boost  
  28  2:21  Drone  
  28  2:22  Drone  
  30  2:33  Hatchery  
  30  2:35  Zergling x2  
  30  2:39  Drone  
  31  2:44  Baneling Nest  
  31  2:47  Overlord  
  31  2:50  Drone  
  31  2:53  Drone  
  31  2:54  Drone  
  34  3:05  Drone  
  34  3:06  Drone  
  34  3:10  Drone  
  34  3:11  Drone x2  
  34  3:12  Queen  
  38  3:16  Zergling x2  
  38  3:17  Zergling x2  
  41  3:20  Zergling x2  
  41  3:21  Zergling x2  
  43  3:27  Overlord  
  43  3:32  Overlord  
  43  3:35  Baneling x2  
  43  3:43  Evolution Chamber  
  43  3:45  Zergling x2  
  43  3:49  Drone x5  
  43  3:50  Drone x2  
  43  3:52  Lair  
  43  3:54  Extractor  
  49  3:57  Roach Warren  
  49  3:58  Baneling  
  49  3:59  Drone x2  
  50  4:05  Drone  
  50  4:18  Drone x2  
  50  4:20  Drone  
  50  4:21  Drone, Extractor  
  50  4:22  Extractor  
  51  4:26  Zergling x2  
  51  4:27  Zergling x2  
  51  4:28  Drone x3  
  51  4:31  Hatchery  
  55  4:37  Overlord  
  54  4:45  Drone x2  
  54  4:50  Spire  
  54  4:52  Overlord  
  55  4:59  Zergling x8  
  59  5:00  Baneling  
  59  5:03  Baneling x2  
  59  5:11  Overlord  
  58  5:22  Drone x3  
  58  5:25  Drone x3  
  64  5:29  Drone x3  
  64  5:35  Overlord  
  67  5:37  Overlord  
  67  5:42  Spine Crawler x2  
  65  5:43  Spine Crawler  
  65  5:44  Spine Crawler x2  
  61  5:56  Evolution Chamber  
  60  5:59  Spine Crawler  
  60  6:01  Mutalisk x4  
  60  6:02  Spine Crawler  
  60  6:03  Spine Crawler  
  65  6:06  Baneling x2  
  64  6:12  Mutalisk x2  
  64  6:13  Mutalisk  
  67  6:22  Mutalisk  
  67  6:24  Zergling x8  
  58  6:33  Zergling x6  
  58  6:38  Zergling x4  
  59  6:49  Mutalisk x2  
  59  6:51  Zergling x2  
  61  6:58  Zergling x4  
  61  7:10  Zergling x2  
  59  7:23  Hatchery  
  59  7:27  Baneling x2  
  58  7:30  Queen  
  60  7:38  Mutalisk  
  60  7:42  Overseer  
  62  7:52  Baneling x2  
  62  7:55  Zergling x6  
  64  8:08  Drone  
  65  8:17  Mutalisk  
  67  8:28  Mutalisk  
  67  8:33  Hatchery  
  68  8:39  Mutalisk  
  68  8:46  Drone x2  
  68  8:48  Drone  
  71  8:54  Mutalisk  
  73  9:04  Mutalisk  
  75  9:18  Mutalisk  
  75  9:21  Queen  
  79  9:28  Mutalisk  
  79  9:30  Drone x7  
  87  9:40  Mutalisk  
  87  9:44  Drone  
  90  9:49  Queen  
  90  9:50  Extractor  
  90  9:52  Drone x3  
  94  9:54  Extractor  
  94  9:58  Baneling  
  94  9:59  Baneling x6  
  93  10:04  Baneling x5  
  93  10:10  Drone x3  
  96  10:14  Drone  
  96  10:15  Drone x2  
  96  10:19  Zerg Melee Weapons Level 1  
  99  10:26  Overlord  
  97  10:29  Overlord  
  97  10:34  Mutalisk x2  
  101  10:42  Mutalisk x2  
  97  10:45  Zergling x6  
  102  10:55  Mutalisk  
  102  10:56  Mutalisk  
  106  11:00  Zerg Flyer Armor Level 1  
  106  11:03  Zergling x8  
  110  11:05  Drone  
  111  11:11  Mutalisk  
  111  11:15  Overlord x2  
  113  11:20  Overlord x2  
  113  11:26  Overlord  
  113  11:29  Overlord  
  113  11:32  Baneling  
  113  11:38  Mutalisk x2  
  113  11:39  Mutalisk x2  
  119  11:45  Mutalisk  
  119  11:46  Mutalisk  
  125  11:51  Mutalisk  
  125  11:53  Zergling x4  
  129  11:55  Drone  
  129  11:57  Overlord  
  130  12:02  Mutalisk  
  130  12:03  Mutalisk  
  131  12:10  Zergling x8  
  131  12:15  Overlord  
  135  12:18  Overlord  
  135  12:21  Mutalisk x2  
  139  12:29  Mutalisk x2  
  143  12:43  Hatchery  
  142  12:45  Mutalisk  
  142  12:46  Mutalisk x2  
  148  12:54  Zerg Flyer Weapons Level 1  
  149  13:01  Overlord  
  149  13:02  Overlord  
  149  13:04  Overlord  
  149  13:05  Drone  
  149  13:06  Zergling x10  
  149  13:09  Mutalisk  
  149  13:10  Mutalisk  
  158  13:16  Mutalisk  
  159  13:20  Mutalisk  
  159  13:22  Zergling x8  
  165  13:37  Mutalisk x2, Hatchery  
  168  13:47  Overlord  
  168  13:48  Mutalisk x2  
  171  14:03  Mutalisk x3  
  171  14:06  Zergling x8  
  171  14:08  Overlord  
  181  14:10  Overlord  
  181  14:24  Mutalisk x2  
  181  14:26  Drone x2  
  181  14:30  Overlord  
  187  14:37  Extractor  
  186  14:40  Drone x5  
  186  14:41  Drone, Extractor  
  184  14:47  Mutalisk x4  
  192  14:55  Zergling x4  
  192  14:56  Zergling x4  
  193  15:08  Zergling x14  
  198  15:39  Zergling x2  
  198  15:40  Zergling x2  
Show
View Real Time Build Order
Export as new Build Order

DRG Zerg 

Build Orders: Hatch First 

Get SALT Encoding   

  12  0:00  Drone  
  13  0:13  Overlord  
  13  0:17  Drone  
  14  0:31  Drone x2  
  16  0:48  Hatchery  
  15  0:51  Drone  
  15  0:54  Drone  
  17  0:58  Drone  
  17  1:00  Extractor  
  17  1:14  Spawning Pool  
  17  1:17  Drone  
  17  1:20  Drone  
  18  1:29  Drone  
  19  1:40  Drone  
  20  1:50  Drone  
  21  2:00  Metabolic Boost, Queen x2  
  25  2:04  Zergling x2  
  25  2:07  Overlord  
  26  2:11  Drone  
  26  2:13  Drone  
  28  2:26  Drone x2  
  30  2:35  Hatchery  
  29  2:47  Overlord  
  29  2:48  Zergling x6  
  32  2:53  Baneling Nest  
  32  2:55  Zergling x4  
  33  3:04  Zergling x2  
  34  3:06  Zergling x2  
  34  3:08  Zergling x6  
  34  3:09  Zergling x2  
  34  3:11  Zergling x2  
  40  3:13  Zergling x2  
  40  3:18  Zergling x2  
  40  3:19  Zergling x2  
  43  3:34  Overlord  
  43  3:42  Overlord  
  43  3:44  Drone  
  43  3:46  Queen  
  43  3:48  Drone x2  
  46  3:49  Drone x2  
  46  3:53  Baneling x2  
  49  3:57  Zergling x2  
  49  3:58  Drone x3  
  53  4:03  Overlord  
  53  4:06  Drone  
  54  4:12  Drone  
  50  4:18  Drone, Zergling x2  
  48  4:24  Drone x4  
  48  4:25  Roach Warren  
  48  4:27  Extractor  
  48  4:28  Extractor  
  48  4:30  Zergling x4  
  50  4:39  Baneling  
  50  4:48  Evolution Chamber  
  50  4:51  Drone x3  
  52  4:58  Overlord  
  52  5:04  Overlord  
  52  5:09  Roach x6  
  52  5:11  Overlord  
  64  5:15  Roach  
  64  5:18  Roach  
  64  5:21  Roach  
  69  5:23  Roach  
  69  5:25  Roach  
  73  5:30  Roach  
  73  5:31  Roach  
  73  5:34  Zergling x2  
  78  5:36  Zergling x2  
  78  5:38  Baneling x4  
  78  5:39  Baneling  
  79  5:43  Zergling x2  
  79  5:44  Zergling x2  
  79  5:46  Zergling x2  
  79  5:49  Zergling x2  
  83  5:52  Zergling x4  
  85  5:58  Zergling x8  
  89  6:06  Zergling x2  
  89  6:09  Baneling  
  89  6:10  Baneling x4  
  85  6:22  Zergling x12  
  85  6:24  Zergling x4  
  90  6:25  Zergling x2  
  84  6:33  Zergling x8  
  84  6:36  Queen, Zergling x2  
  84  6:41  Zergling x4  
  84  6:42  Zergling x2  
  80  6:47  Zergling x2  
  80  6:49  Zergling x2  
  80  6:52  Zergling x2  
  77  6:56  Zergling x10  
  77  6:58  Zergling x2  
  71  7:04  Zergling x2  
  67  7:11  Spore Crawler  
  67  7:14  Drone x5  
  64  7:18  Drone  
  64  7:22  Drone  
  63  7:23  Drone  
  63  7:27  Drone  
  63  7:28  Drone  
  63  7:29  Drone  
  67  7:31  Drone  
  67  7:36  Spore Crawler  
  67  7:40  Zerg Melee Weapons Level 1  
  68  7:48  Queen  
  70  7:51  Overlord  
  70  7:57  Overlord  
  66  8:06  Overlord x2  
  66  8:07  Overlord, Queen  
  66  8:09  Lair  
  66  8:11  Drone x3  
  66  8:12  Drone  
  67  8:15  Drone x2  
  67  8:16  Drone  
  67  8:19  Spore Crawler  
  70  8:20  Drone  
  70  8:22  Drone  
  70  8:23  Drone  
  70  8:26  Queen  
  74  8:30  Drone x2  
  74  8:32  Drone  
  77  8:38  Drone x3  
  77  8:40  Drone  
  81  8:42  Drone x3  
  81  8:43  Queen  
  81  8:47  Drone, Extractor  
  81  8:48  Drone  
  86  8:52  Drone  
  86  8:53  Spore Crawler, Extractor  
  86  8:54  Extractor  
  84  9:01  Queen  
  86  9:06  Overlord  
  86  9:07  Spawning Pool  
  85  9:12  Spire  
  85  9:14  Zergling x10  
  85  9:16  Spire  
  84  9:36  Baneling  
  84  9:37  Baneling, Zerg Ground Armor Level 1  
  83  9:43  Extractor  
  80  9:55  Spore Crawler  
  80  9:57  Overlord x2  
  80  9:58  Queen x2  
  78  10:27  Mutalisk x17  
  109  10:30  Zergling x8  
  109  10:35  Extractor  
  98  10:43  Drone  
  98  10:44  Drone x5  
  104  10:51  Zerg Flyer Armor Level 1  
  104  10:54  Mutalisk  
  104  10:58  Drone  
  105  11:07  Mutalisk x2  
  109  11:11  Drone  
  109  11:14  Overlord  
  110  11:22  Mutalisk x2  
  110  11:25  Overlord  
  114  11:30  Mutalisk  
  116  11:37  Mutalisk  
  119  11:40  Zergling x8  
  119  11:44  Mutalisk  
  119  11:46  Zergling x2  
  119  11:47  Zergling x2  
  125  11:51  Drone  
  125  11:52  Drone x2  
  128  11:55  Mutalisk  
  128  11:59  Zergling x4  
  132  12:08  Zergling x12  
  138  12:18  Overlord  
  138  12:19  Overlord  
  138  12:25  Overlord  
  138  12:26  Overlord  
  137  12:38  Mutalisk x4  
  145  12:44  Mutalisk x2  
  145  12:45  Zerg Flyer Weapons Level 1  
  145  12:47  Zergling x4  
  151  12:52  Zergling x6  
  154  12:59  Zerg Melee Weapons Level 2  
  154  13:02  Zergling x6  
  157  13:07  Infestation Pit  
  156  13:19  Mutalisk x3  
  162  13:28  Hatchery  
  161  13:36  Drone x2  
  161  13:37  Drone x3  
  161  13:39  Overlord  
  166  13:45  Overlord  
  166  13:49  Hive  
  166  13:58  Mutalisk  
  166  13:59  Mutalisk x2  
  171  14:18  Mutalisk x6  
  183  14:29  Overlord x2  
  183  14:32  Mutalisk  
  183  14:33  Overlord  
  179  14:53  Overlord  
  179  14:58  Drone x6  
  185  15:02  Viper  
  185  15:06  Viper  
  184  15:07  Zergling x6  
  184  15:08  Zergling x10  
  191  15:20  Viper  
  194  15:23  Drone x3  
  194  15:25  Extractor x2  
  194  15:28  Zergling x10  
Tags
 
Add a new tag
Caveats
  • Supply blocks, unpowered buildings, or Contaminate may cause inaccurate times.
  • Supply counts are checked every 10 seconds.